 Dungeon Sprint DCSS version 0.25-b1-37-g2669288c55 (webtiles) character file.

Game seed: 12476613705790073667

337 Groucho the Covert (level 6, -3/32 HPs)
             Began as a Spriggan Enchanter on June 5, 2020.
             Slain by a merfolk siren
             ... wielding a +0 spear
              (5 damage)
             ... in the Dungeon (Sprint II: "The Violet Keep of Menkaure").
             The game lasted 00:02:56 (268 turns).

Groucho the Covert (Spriggan Enchanter)              Turns: 268, Time: 00:02:57

Health: -3/32      AC:  2    Str:  5    XL:     6   Next: 28%
Magic:  9/17       EV: 22    Int: 17    God:
Gold:   243        SH:  0    Dex: 17    Spells: 14/20 levels left

rFire    . . .     SeeInvis +   a - +1 dagger
rCold    . . .     Gourm    .   (shield restricted)
rNeg     . . .     Faith    .   b - +0 robe
rPois    .         Spirit   .   (helmet restricted)
rElec    .         Reflect  .   (no cloak)
rCorr    .         Harm     .   (gloves unavailable)
MR       +....     NoTele   +   (boots unavailable)
Stlth    +++++.....             (no amulet)
HPRegen  0.10/turn              (no ring)
MPRegen  0.15/turn              (no ring)

@: mesmerised, very quick
A: very small, unfitting armour, see invisible, herbivore, speed 3, slow
metabolism 2
a: no special abilities


You were in the Dungeon.
You were not hungry.

You visited 1 branch You collected 243 gold pieces.

Inventory:

Hand Weapons
 a - a +1 dagger (weapon)
Armour
 b - a +0 robe (worn)
Scrolls
 j - a scroll of blinking
Potions
 g - a potion of haste
 h - a potion of magic
Comestibles
 d - a ration


   Skills:
 + Level 3.2 Fighting
 + Level 6.6 Short Blades
 + Level 6.6 Dodging
 + Level 10.2 Stealth
 + Level 7.6 Spellcasting
 + Level 8.0 Hexes


You had 14 spell levels left.
You knew the following spells:

 Your Spells              Type           Power        Failure   Level  Hunger
a - Corona                Hex            ####...      1%          1    None
b - Ensorcelled Hibernat  Hex/Ice        ###...       3%          2    None
c - Dazzling Flash        Conj/Hex       ###...       6%          3    #......

Your spell library contained the following spells:

 Spells                   Type           Power        Failure   Level  Hunger
 Confusing Touch          Hex            ####....     1%          3    #......
 Tukima's Dance           Hex            ####....     1%          3    #......


Dungeon Overview and Level Annotations

Branches:
Dungeon (1/1)

Altars:


Innate Abilities, Weirdness & Mutations

You are very small and have problems with some larger weapons.
You are too small for most types of armour.
You have supernaturally acute eyesight. (SInv)
You are a herbivore.
You cover ground extremely quickly.
You need to consume almost no food.


Message History

Aim: a merfolk siren, wielding a +0 spear (mesmerising, chance to defeat MR: 18%)
The merfolk siren resists with almost no effort.
The merfolk siren chants its luring song.
Casting: Ensorcelled Hibernation (safe; 3% risk of failure)
Confirm with . or Enter, or press ? or * to list all spells.
Aiming: Ensorcelled Hibernation (safe; 3% risk of failure)
Press: ? - help, Shift-Dir - straight line, f/p - merfolk siren
Aim: a merfolk siren, wielding a +0 spear (mesmerising, chance to defeat MR: 18%)
The merfolk siren resists with almost no effort.
The merfolk siren chants its luring song.
You cannot move away from the merfolk siren!
You cannot move away from the merfolk siren!
Casting: Ensorcelled Hibernation (safe; 3% risk of failure)
Confirm with . or Enter, or press ? or * to list all spells.
Aiming: Ensorcelled Hibernation (safe; 3% risk of failure)
Press: ? - help, Shift-Dir - straight line, f/p - merfolk siren
Aim: a merfolk siren, wielding a +0 spear (mesmerising, chance to defeat MR: 18%)
The merfolk siren resists with almost no effort.
The merfolk siren hits you from afar with a +0 spear.
You die...

##+##
##...##
#..#..#
#
##†#.##
#3 ##÷##
#3##.##
#$+.@.+
#3.##.##
#3 #m# #
...
..#..
##. .##
## ##


You could see a merfolk siren (mesmerising).

Vanquished Creatures
  4 necrophages (D)
4 creatures vanquished.

Vanquished Creatures (others)
  A crocodile (D)
1 creature vanquished.

Grand Total: 5 creatures vanquished

Notes
Turn   | Place    | Note
-------+----------+-------------------------------------------
     0 | D        | Groucho the Spriggan Enchanter began the quest for the Orb.
     0 | D        | Reached XP level 1. HP: 9/9 MP: 5/5
     1 | D        | Noticed a necrophage
     1 | D        | Noticed a necrophage
     1 | D        | Noticed a necrophage
     1 | D        | Noticed a necrophage
     8 | D        | Killed a necrophage
     8 | D        | Reached skill level 1 in Fighting
     8 | D        | Reached skill level 7 in Stealth
     8 | D        | Reached skill level 5 in Spellcasting
     8 | D        | Reached skill level 5 in Hexes
     8 | D        | Reached XP level 2. HP: 15/15 MP: 6/9
     8 | D        | Reached XP level 3. HP: 18/18 MP: 6/10
     8 | D        | Reached XP level 4. HP: 23/23 MP: 7/12
    14 | D        | Killed a necrophage
    14 | D        | Reached skill level 5 in Short Blades
    14 | D        | Reached skill level 5 in Dodging
    14 | D        | Reached skill level 8 in Stealth
    14 | D        | Reached XP level 5. HP: 27/27 MP: 7/14
    19 | D        | Killed a necrophage
    19 | D        | Reached skill level 9 in Stealth
    33 | D        | HP: 1/25 [necrophage (7)]
    38 | D        | Killed a crocodile
    49 | D        | Killed a necrophage
    49 | D        | Reached skill level 10 in Stealth
    49 | D        | Reached XP level 6. HP: 15/32 MP: 11/17
   219 | D        | Learned a level 2 spell: Ensorcelled Hibernation
   223 | D        | Learned a level 3 spell: Dazzling Flash
   224 | D        | Noticed a neqoxec
   224 | D        | Noticed a neqoxec
   224 | D        | Noticed a neqoxec
   224 | D        | Noticed a neqoxec
   228 | D        | Noticed a merfolk siren
   268 | D        | Slain by a merfolk siren

Illustrated notes

Levels and vault maps discovered:
D:        the_violet_keep_of_menkaure [sprint2_stairs_cluster_1,
          sprint2_shoproom, sprint2_temple, sprint2_basic_supplies,
          sprint2_obstacle_4, sprint2_obstacle_7, sprint2_obstacle_5,
          sprint2_obstacle_6, sprint2_obstacle_1, sprint2_timed_cluster_1,
          sprint2_smallroom_cluster_1, sprint2_smallroom_final_cluster_1,
          sprint2_transparent_cluster_1, sprint2_second_timed_cluster_1,
          sprint2_sniper_area_1, sprint2_heavy_combat_area_1,
          sprint2_mutation_trap_area_1, sprint2_forest_area_1,
          sprint2_light_combat_area_1, sprint2_behind_water_1,
          sprint2_near_end_vault_1]

Skill      XL: |  1  2  3  4  5 |
---------------+----------------+-----
Fighting       | 1 2 3 |  3.2
Short Blades   | 4 5 6 |  6.6
Dodging        | 4 5 6 |  6.6
Stealth        | 7 8 10 | 10.2
Spellcasting   | 5 6 7 |  7.6
Hexes          | 5 6 8 |  8.0

Action                   |  1- 3 |  4- 6 || total
-------------------------+-------+-------++-------
Melee: Dagger            |     6 |    37 ||    43
 Cast: Ensorcelled Hiber |       |    13 ||    13
  Use: Potion            |     1 |     3 ||     4
Armor: Robe              |       |     2 ||     2
Dodge: Dodged            |     3 |    21 ||    24
